cohdb
Replays
Latest Replays
All Replays
Popular Replays
Top Player Replays
Match Explorer
How It Works
Community
CoH3 Stats
Reddit
Sign in to upload your games and track your stats! →
Sign in with Steam
Match 45647024
Unlisted
Match 45647024
Overview
Messages
Build Orders
End
Construct Infanterie Kompanie
Selects Italian Coastal Battlegroup
Construct Infanterie Kompanie
Selects Coastal Reserves
Coastal Reserve
MG 42 Machine Gun Team
Coastal Reserve
Coastal Reserve
Construct Panzergrenadier Kompanie
251 Medium Carrier
Selects Artillery Officer
Pak 40 Anti-tank Gun Team
Medical Bunker
Pioneer Squad
Support Elements
StuG III G Assault Gun
Artillery Officer
Selects Obice da 210/22 Artillery Emplacement
Panzergrenadier Squad
屑馒头_super sher
猫猫歪把子
Ray
JERRY
battlenationaka
Pioneer Combine
UtataNation 🛌🌟
乐乐
0
0
Comments
sign in to comment!
No comments posted yet!